 Dungeon Crawl Stone Soup version 0.31-a0-221-gbddc013574 (webtiles) character file.

Game seed: 2825955261173834861

53 Anon1729 the Trooper (level 3, -4/33 HPs)
             Began as a Minotaur Monk on July 4, 2023.
             Slain by a goblin
             ... wielding a +2 dagger of venom
             ... led by Robin
              (5 damage)
             ... on level 2 of the Dungeon.
             The game lasted 00:00:36 (1184 turns).

Anon1729 the Trooper (Minotaur Monk)                Turns: 1184, Time: 00:00:37

Health: -4/33      AC:  3    Str: 15    XL:     3   Next: 62%
Magic:  2/2        EV: 13    Int:  7    God:
Gold:   26         SH:  0    Dex: 14    Spells: 2/2 levels left

rFire   . . .        j - +0 rapier
rCold   . . .        d - orb {light}
rNeg    . . .        b - +0 robe
rPois   .            (helmet restricted)
rElec   .            (no cloak)
rCorr   .            i - +0 pair of gloves
SInv    .            (no boots)
Will    .....        (no amulet)
Stlth   +            (no ring)
HPRegen 0.25/turn    (no ring)
MPRegen 0.08/turn

%: no passive effects
@: confused, mighty, lethally poisoned (-4 -> -8), ambrosia-drunk, glowing
A: horns 2, retaliatory headbutt
a: no special abilities


You were on level 2 of the Dungeon.
You visited 1 branch of the dungeon, and saw 2 of its levels.

You collected 26 gold pieces.

Inventory:

Hand Weapons
 a - a +0 short sword
 j - a +0 rapier (weapon)
Armour
 b - a +0 robe (worn)
 d - an orb of light (worn)
 i - a +0 pair of gloves (worn)
Scrolls
 e - 2 scrolls of enchant weapon {unknown}
 g - a scroll of torment {unknown}
 h - a scroll of teleportation {unknown}


   Skills:
 + Level 4.1 Fighting
 + Level 3.7 Short Blades
 + Level 1.6 Armour
 + Level 3.7 Dodging
 + Level 1.2 Invocations


You had 2 spell levels left.
You didn't know any spells.
Your spell library contained the following spells:

 Spells                   Type           Power      Damage    Failure   Level
 Poisonous Vapours        Pois/Air       0%         N/A       56%         2
 Mephitic Cloud           Conj/Pois/Air  0%         N/A       80%         3
 Freezing Cloud           Conj/Ice/Air   0%         6-21      100%        5


Dungeon Overview and Level Annotations

Branches:
Dungeon (2/15)

Altars:

Shops:
D:2 [

Annotations:
D:2 Robin


Innate Abilities, Weirdness & Mutations

You have a pair of horns on your head.
You reflexively headbutt those who attack you in melee.


Message History

Robin throws the goblin at you! The goblin closely misses you.
The hobgoblin misses you. The goblin barely misses you.
The goblin hits you but does no damage.
You are poisoned.
A hobgoblin comes into view.
The goblin hits you but does no damage.
You barely miss the goblin. You headbutt the goblin.
You kill the goblin!
You feel very sick. The goblin hits you with a +0 dagger.
The hobgoblin hits you. The goblin hits you with a +0 club.
* * * LOW HITPOINT WARNING * * *
The goblin hits you with a +2 dagger of venom.
* * * LOW HITPOINT WARNING * * *
You are too injured to fight recklessly!
You are too injured to fight recklessly!
You are too injured to fight recklessly!
Sorry, you're not good enough to have a special ability.
Unknown command.
You are confused.
You feel invigorated.
You feel sick.
Robin roars a battlecry!
The hobgoblin goes into a battle-frenzy!
The goblin hits you with a +0 dagger.
* * * LOW HITPOINT WARNING * * *
The hobgoblin closely misses you. The goblin closely misses you.
A frilled lizard comes into view.
The goblin completely misses you.
The frilled lizard hisses angrily.
It was a potion of might.
You feel very mighty all of a sudden.
You feel sick.
Robin hits you with a +4 dagger of protection.
* * * LOW HITPOINT WARNING * * *
The goblin completely misses you. The hobgoblin hits you.
* * * LOW HITPOINT WARNING * * *
The goblin hits you with a +0 club.
* * * LOW HITPOINT WARNING * * *
The goblin hits you with a +2 dagger of venom.
You die...

# #.##.##.# .
#......#.##.##.. .
##......#.##.#### .
........#.##.# #
#.......#.#..#
#..<....#.∩).#
...$..gg#..#.######
.....ggg#.#........
#..g.gg@g.#########
....##g##.# . .>l
..# ..... ...
............
.............
...##......... ...
### ######


You could see Robin, 3 hobgoblins, 6 goblins and a frilled lizard.

Vanquished Creatures
  An adder (D:2)
  2 dart slugs (D:1)
  6 ball pythons
  2 bats (D:1)
  5 endoplasms (D:1)
  2 giant cockroaches
  4 goblins
  3 hobgoblins
  3 frilled lizards
  7 kobolds
  A rat (D:1)
36 creatures vanquished.

Notes
Turn   | Place    | Note
-------+----------+-------------------------------------------
     0 | D:1      | Anon1729 the Minotaur Monk began the quest for the Orb.
     0 | D:1      | Reached XP level 1. HP: 19/19 MP: 0/0
   110 | D:1      | Reached XP level 2. HP: 25/27 MP: 1/1
   240 | D:1      | Reached skill level 1 in Armour
   387 | D:1      | Reached skill level 4 in Fighting
   466 | D:1      | Reached skill level 1 in Invocations
   466 | D:1      | Reached XP level 3. HP: 31/33 MP: 2/2
  1137 | D:2      | Found Ciosm's Antique Armour Boutique.
  1177 | D:2      | Noticed Robin
  1184 | D:2      | HP: 1/33 [goblin/+0 club (2)]
  1184 | D:2      | Slain by a goblin

Illustrated notes

Levels and vault maps discovered:
D:1:      dpeg_arrival_stone_temple_mockup, layout_basic
D:2:      layout_basic, serial_shops, shop, uniq_robin

Skill      XL: |  1  2 |
---------------+-------+-----
Armour         | 1 |  1.6
Fighting       | 4 |  4.1
Invocations    | 1 |  1.2
Short Blades   | |  3.7
Dodging        | |  3.7

Action                     || total
---------------------------++-------
  Melee: Short sword       ||    47
         Headbutt          ||    12
         Rapier            ||    28
    Use: Potion            ||     2
 Armour: Robe              ||     8
  Dodge: Dodged            ||    56

Table legend: (Time is in decaauts)
 A = Elapsed time spent in this place.
 B = Non-inter-level travel time spent in this place.
 C = Inter-level travel time spent in this place.
 D = Time resting spent in this place.
 E = Time spent auto-exploring this place.
 F = Levels seen in this place.
 G = Mean time per level.
                   A        B        C        D        E       F      G
               +--------+--------+--------+--------+--------+-----+--------+
         Total |   1175 |   1094 |     81 |      0 |    926 |   2 |  587.5 |
       Dungeon |   1175 |   1094 |     81 |      0 |    926 |   2 |  587.5 |
               +--------+--------+--------+--------+--------+-----+--------+

Top non-repeatable levels by time:
     D:1: 940 daAuts
     D:2: 235 daAuts
